 Dungeon Crawl Stone Soup version 0.27-a0-1374-gc14e5d3922 (webtiles) character file.

Game seed: 8035965469364510097

58 HAL9000 the Changer (level 3, -3/28 HPs)
             Began as a Draconian Transmuter on June 29, 2021.
             Slain by Sigmund (10 damage)
             ... on level 4 of the Dungeon.
             The game lasted 00:04:40 (3689 turns).

HAL9000 the Changer (Draconian Transmuter)          Turns: 3689, Time: 00:04:41

Health: -3/28      AC:  2    Str: 12    XL:     3   Next: 76%
Magic:  3/6        EV: 19    Int: 14    God:
Gold:   109        SH:  0    Dex: 16    Spells: 0/6 levels left

rFire    . . .     SeeInvis .     - Unarmed
rCold    . . .     Faith    .   (shield currently unavailable)
rNeg     . . .     Spirit   .   (armour unavailable)
rPois    x         Reflect  .   (helmet currently unavailable)
rElec    .         Harm     .   (cloak currently unavailable)
rCorr    .         Rampage  .   (gloves currently unavailable)
Will     .....                  (boots currently unavailable)
Stlth    +.........             (no amulet)
HPRegen  0.09/turn              c - ring of wizardry
MPRegen  0.10/turn              (no ring)

@: spider-form (expiring)
A: venomous fangs, AC +5, tiny, unfitting armour, (cold-blooded)
a: End Transformation


You were on level 4 of the Dungeon.
You were a venomous arachnid creature.
You visited 1 branch of the dungeon, and saw 4 of its levels.

You collected 109 gold pieces.

Inventory:

Hand Weapons
 i - a +2 hunting sling of freezing
Missiles
 j - 201 stones
Armour
 h - a +0 pair of boots (melded)
Jewellery
 c - a ring of wizardry (left front leg)
Scrolls
 a - 2 scrolls of teleportation {unknown}
 b - a scroll of brand weapon {unknown}
 e - 2 scrolls of identify {unknown}
 f - a scroll of fear {unknown}
 k - a scroll of amnesia {unknown}
 m - a scroll of immolation {unknown}
Potions
 d - a potion of magic {unknown}
 g - 4 potions of resistance {unknown}
 l - a potion of curing {unknown}


   Skills:
 - Level 1.1 Fighting
 - Level 1.7 Dodging
 - Level 3.0 Unarmed Combat
 - Level 2.0 Spellcasting
 + Level 4.2 Transmutations


You couldn't memorise any spells.
You knew the following spells:

 Your Spells              Type           Power      Damage    Failure   Level
a - Beastly Appendage     Tmut           26%        N/A       5%          1
b - Spider Form           Tmut/Pois      3%         N/A       24%         3
c - Wereblood             Tmut           13%        N/A       7%          2

Your spell library contained the following spells:

 Spells                   Type           Power      Damage    Failure   Level
 Freeze                   Ice            4%         1d3       21%         1
 Frozen Ramparts          Ice            2%         1d2       43%         3
 Ozocubu's Armour         Ice            1%         N/A       43%         3
 Ice Form                 Ice/Tmut       7%         N/A       52%         4
 Hailstorm                Conj/Ice       1%         3d3       78%         4
 Metabolic Englaciation   Hex/Ice        0%         N/A       97%         5


Dungeon Overview and Level Annotations

Branches:
Dungeon (4/15)
 Temple: D:4-7

Altars:
Dithmenos
Elyvilon
Makhleb
Okawaru
Yredelemnul

Shops:
D:1 [   D:3 (

Annotations:
D:4 Sigmund


Innate Abilities, Weirdness & Mutations

You are a venomous arachnid creature.
You have poisonous fangs.
You are tiny and dextrous.
Your spellcasting is less reliable in this form.
Your armour is entirely melded.
You are incapable of wielding weapons or throwing items.
((Your plain brown scales are hard. (AC +5)))
You cannot fit into any form of body armour.
((You are cold-blooded and may be slowed by cold attacks.))


Message History

You are confused.
You feel sick. Sigmund misses you.
You climb upwards.
You feel sick.
There is a stone staircase leading down here.
Unknown command.
You start resting.
You feel sick.
You are no longer poisoned.
You start resting.
You feel less confused.
You start resting.
Your magical contamination has completely faded away.
You start resting.
Magic restored.
You start resting.
HP restored.
Casting: Spider Form (quite dangerous; 12% risk of failure)
Confirm with . or Enter, or press ? or * to list all spells.
The spell is quite dangerous to cast (12% risk of failure)!
Continue anyway?
You turn into a venomous arachnid creature.
Your +0 pair of boots melds into your body.
You climb downwards.
Level annotation: Sigmund
There is a stone staircase leading up here.
Sigmund points at you and mumbles some strange words.
The magic dart hits you!
You hit Sigmund.
Sigmund is poisoned.
Sigmund is lightly wounded.
Sigmund barely misses you.
You hit Sigmund.
Sigmund is moderately wounded.
Your transformation is almost over.
Sigmund casts a spell.
Sigmund flickers and vanishes!
Deactivating autopickup; reactivate with Ctrl-A.
No target in view!
You barely miss something. Something hits you.
You hit something. Something hits you!
* * * LOW HITPOINT WARNING * * *
You hit something. Something hits you!
You die...

#.... ######...#
#...##...+
#...##...#
#...##...#
#...##...########
+...'............
#...##..{....#
#...##...s...#
#...##...<...+
#...###'#....#####
#...###...........
..................
#########..)....##
#.......#
#.......#
#.......#


There were no monsters in sight!

Vanquished Creatures
  A dart slug (D:3)
  An orc (D:4)
  11 endoplasms
  7 goblins
  6 hobgoblins
  3 jackals (D:3)
  A quokka (D:2)
  3 ball pythons
  A bat (D:3)
  4 frilled lizards
  4 kobolds
  6 rats
48 creatures vanquished.

Notes
Turn   | Place    | Note
-------+----------+-------------------------------------------
     0 | D:1      | HAL9000 the Draconian Transmuter began the quest for the
                  | Orb.
     0 | D:1      | Reached XP level 1. HP: 16/16 MP: 3/3
   611 | D:1      | Reached XP level 2. HP: 19/23 MP: 5/5
   684 | D:1      | Found Geson's Antique Armour Boutique.
  1178 | D:1      | Reached skill level 3 in Transmutations
  1397 | D:2      | Found a faded altar of an unknown god.
  1698 | D:2      | Found a shadowy altar of Dithmenos.
  2328 | D:2      | Reached XP level 3. HP: 28/28 MP: 4/6
  2332 | D:2      | Learned a level 3 spell: Spider Form
  2378 | D:3      | Found a burning altar of Makhleb.
  2378 | D:3      | Found an iron altar of Okawaru.
  2378 | D:3      | Found a basalt altar of Yredelemnul.
  2588 | D:3      | Found Fojiokea's Weapon Emporium.
  2898 | D:3      | Found a white marble altar of Elyvilon.
  2907 | D:3      | Reached skill level 4 in Transmutations
  3132 | D:3      | Learned a level 2 spell: Wereblood
  3475 | D:4      | Noticed Sigmund
  3689 | D:4      | Slain by Sigmund

Illustrated notes

Levels and vault maps discovered:
D:1:      ebering_trefoil_twist, layout_basic, serial_shops,
          nicolae_shop_crystal, minmay_pentomino_u2
D:2:      layout_loops_cross, basic_altar, basic_ecumenical_altar,
          minmay_fountain_box
D:3:      layout_basic, nicolae_elyvilon_peaceful_grove,
          grunt_temple_overflow_open, serial_shops, shop
D:4:      layout_basic, uniq_menkaure, uniq_sigmund

Skill      XL: |  1  2  3 |
---------------+----------+-----
Transmutations | 3 4 |  4.2
Fighting       | |  1.1
Dodging        | |  1.7
Unarmed Combat | |  3.0
Spellcasting   | |  2.0

Action                   || total
-------------------------++-------
Melee: Unarmed           ||   147
       Kick              ||    17
       Headbutt          ||     5
       Tailslap          ||     5
       Punch             ||     4
 Cast: Beastly Appendage ||    24
       Spider Form       ||     2
Armor: Skin              ||    43
Dodge: Dodged            ||    87

Table legend: (Time is in decaauts)
 A = Elapsed time spent in this place.
 B = Non-inter-level travel time spent in this place.
 C = Inter-level travel time spent in this place.
 D = Time resting spent in this place.
 E = Time spent auto-exploring this place.
 F = Levels seen in this place.
 G = Mean time per level.
                   A        B        C        D        E       F      G
               +--------+--------+--------+--------+--------+-----+--------+
         Total |   3694 |   3606 |     88 |    775 |   2445 |   4 |  923.5 |
       Dungeon |   3694 |   3606 |     88 |    775 |   2445 |   4 |  923.5 |
               +--------+--------+--------+--------+--------+-----+--------+

Top non-repeatable levels by time:
     D:1: 1324 daAuts
     D:3: 1114 daAuts
     D:2: 1051 daAuts
     D:4: 203 daAuts
